 Dungeon Crawl Stone Soup version 0.31.0-32-g396128a36d (webtiles) character file.

Game seed: 4287751380126074397

1427 SSird the Basher (level 8, -6/46 HPs)
             Began as a Gargoyle Fighter on Apr 2, 2024.
             Mangled by an ogre
             ... wielding a +0 giant club
              (26 damage)
             ... on level 5 of the Dungeon.
             The game lasted 00:12:43 (4504 turns).

SSird the Basher (Gargoyle Fighter)                 Turns: 4504, Time: 00:12:43

Health: -6/46      AC: 13    Str: 22    XL:     8   Next: 72%
Magic:  8/8        EV:  9    Int: 15    God:
Gold:   301        SH:  4    Dex:  9    Spells: 7/7 levels left

rFire   . . .        u - +2 flail (elec)
rCold   . . .        c - +0 buckler
rNeg    + + .        b - +0 scale mail
rPois   ∞            e - +0 helmet
rElec   +            (no cloak)
rCorr   .            (no gloves)
SInv    .            (no boots)
Will    .....        (no amulet) Stlth
                     g - ring of positive energy
HPRegen 0.27/turn    k - +6 ring of intelligence
MPRegen 0.11/turn

%: no passive effects
@: marked
A: sickness immunity, AC +5, negative energy resistance 1, electricity
resistance, torment resistance 1, petrification resistance
a: no special abilities


You were on level 5 of the Dungeon.
You visited 2 branches of the dungeon, and saw 6 of its levels.
You also visited: Ossuary.

You collected 301 gold pieces.

Inventory:

Hand Weapons
 a - a +0 flail
 u - a +2 flail of electrocution (weapon)
Armour
 b - a +0 scale mail (worn)
 c - a +0 buckler (worn)
 e - a +0 helmet (worn)
Jewellery
 g - a ring of positive energy (left hand)
 k - a +6 ring of intelligence (right hand)
 s - a ring of positive energy
Wands
 p - a wand of charming (10)
Scrolls
 h - a scroll of revelation
 i - a scroll of brand weapon
 j - a scroll of identify
 l - 2 scrolls of teleportation
 n - a scroll of enchant weapon
 o - 3 scrolls of poison
 r - a scroll of blinking
 t - 3 scrolls of fear {unknown}
 y - a scroll of fog {unknown}
 B - 2 scrolls of enchant armour {unknown}
Potions
 d - 4 potions of curing
 f - 2 potions of cancellation
 m - a potion of heal wounds
 q - a potion of resistance
 v - a potion of enlightenment
 w - a potion of brilliance
 z - a potion of lignification
 A - a potion of haste


   Skills:
 - Level 3.3 Fighting
 + Level 10.4 Maces & Flails
 - Level 3.3 Armour
 - Level 4.0 Shields


You had 7 spell levels left.
You didn't know any spells.
Your spell library contained the following spells:

 Spells                   Type           Power      Damage    Failure   Level
 Gell's Gravitas          Tloc           0%         N/A       95%         3
 Teleport Other           Tloc           0%         N/A       95%         3
 Animate Armour           Summ/Erth      0%         N/A       100%        4
 Summon Lightning Spire   Summ/Air       0%         N/A       100%        4
 Lee's Rapid Deconstruct  Erth           0%         3d4*      100%        5
 Dispersal                Tloc           0%         N/A       100%        6


Dungeon Overview and Level Annotations

Branches:
Dungeon (5/15)             Temple (1/1) D:4         Ossuary (visited)

Altars:
Ashenzari
Elyvilon
Kikubaaqudgha
Makhleb
Nemelex Xobeh
Qazlal
Ru
Sif Muna
Uskayaw
Vehumet
The Shining One


Innate Abilities, Weirdness & Mutations

You are immune to sickness and miasma.
Your stone body is resilient. (AC +5)
You are immune to poison.
You resist negative energy. (rN+)
You are resistant to electric shocks. (rElec)
You are resistant to unholy torment.
You are immune to petrification.


Message History

There is an escape hatch in the floor here.
An adder comes into view.
The adder hisses angrily.
The adder bites you but does no damage. You block the adder's attack.
You thump the adder! Lightning courses through the adder!
You kill the adder!
No target in view!
i - a scroll of brand weapon A jelly comes into view.
The jelly quivers.
The jelly hits you but does no damage.
You sock the jelly!
Your hands burn!
The jelly is heavily wounded.
The jelly barely misses you.
You hit the jelly but do no damage.
Your hands burn!
The jelly is heavily wounded.
The jelly closely misses you.
You sock the jelly! Lightning courses through the jelly!!
You kill the jelly!
No target in view!
Found a stone staircase leading up.
Found a scale mail.
There is a stone staircase leading up here.
n - a scroll of enchant weapon
Found a stone staircase leading down.
A malevolent force fills the Dungeon...
With a horrendous wail, an alarm goes off!
A sentinel's mark forms upon you.
You hear a shout!
You see here a +0 scale mail.
An ogre comes into view. It is wielding a +0 giant club.
There is a stone staircase leading down here.
You hit the ogre. Lightning courses through the ogre!!
The ogre is almost dead.
The ogre hits you with a +0 giant club!!
Ouch! That really hurt!
You hit the ogre.
The ogre is almost dead.
The ogre hits you with a +0 giant club!!
Ouch! That really hurt!
You die...

*,,*,*,*,*,* #.* #..##.#..
*,,,,,,,,,,* #[* #..##.#..
*,,,**,*,,*######)* #..##.##.
***,,,,,,,,.......####..##.##.
***,,*****#...........##.##.
*,** #.########..##.##. *,*
#$# #..##.##. *,* #O#
##.##.### *,* #@# #.##.# *,*
#># #.##.# *,* #.# #.##.#
*,#######.#########.##.#
*,.......[.....<....##.#
**#######.#########.#..# #.#
#.#.## #.#*******#.#.#
#..,,,,,,*#.#.#


You could see an ogre.

Vanquished Creatures
  Sigmund (D:2)
  Duvessa (D:4)
  2 ogres
  An elf zombie (Ossuary)
  A scorpion (D:4)
  A wight (D:4)
  Dowan (D:4)
  2 howler monkeys
  2 bombardier beetles
  2 centaur zombies (Ossuary)
  A human zombie (Ossuary)
  3 jellies (D:5)
  An iguana (D:5)
  An orc priest (D:2)
  Ijyb (D:3)
  An orc wizard (D:3)
  7 hound zombies (Ossuary)
  2 mummies (Ossuary)
  7 adders
  7 adder zombies (Ossuary)
  3 ribbon worms
  A dart slug (D:1)
  9 orcs
  8 endoplasms
  3 giant cockroaches
  7 gnoll zombies (Ossuary)
  5 goblins
  10 hobgoblins
  3 jackals (D:1)
  7 kobolds
  2 quokkas (D:1)
  7 ball pythons
  8 bats
  3 frilled lizards
  7 jackal zombies (Ossuary)
  A kobold zombie (Ossuary)
  4 orc zombies (Ossuary)
  A rat (D:2)
134 creatures vanquished.

Notes
Turn   | Place    | Note
-------+----------+-------------------------------------------
     0 | D:1      | SSird the Gargoyle Fighter began the quest for the Orb.
     0 | D:1      | Reached XP level 1. HP: 14/14 MP: 1/1
   162 | D:1      | Reached XP level 2. HP: 19/19 MP: 2/2
   579 | D:2      | Noticed Sigmund
   585 | D:2      | Killed Sigmund
   586 | D:2      | Reached skill level 5 in Maces & Flails
   586 | D:2      | Reached XP level 3. HP: 10/23 MP: 3/3
   586 | D:2      | Reached XP level 4. HP: 12/28 MP: 4/4
   586 | D:2      | Reached XP level 5. HP: 14/32 MP: 5/5
   840 | D:2      | Reached XP level 6. HP: 17/37 MP: 6/6
  1332 | D:3      | Reached skill level 6 in Maces & Flails
  1385 | D:3      | Noticed Ijyb
  1445 | D:3      | Killed Ijyb
  2246 | D:4      | Reached skill level 7 in Maces & Flails
  2246 | D:4      | Reached XP level 7. HP: 35/41 MP: 7/7
  2327 | D:4      | HP: 2/41 [wight/+1 morningstar (2)]
  2487 | D:4      | Found a sand-covered staircase.
  2496 | Ossuary  | Entered an ossuary
  2515 | Ossuary  | Reached skill level 8 in Maces & Flails
  2745 | Ossuary  | Reached XP level 8. HP: 39/46 MP: 8/8
  2808 | Ossuary  | Reached skill level 9 in Maces & Flails
  3016 | D:4      | Noticed Duvessa
  3021 | D:4      | Noticed Dowan
  3032 | D:4      | Killed Duvessa
  3043 | D:4      | Killed Dowan
  3240 | D:4      | Found a staircase to the Ecumenical Temple.
  3249 | Temple   | Entered the Ecumenical Temple
  3811 | D:5      | Entered Level 5 of the Dungeon
  4175 | D:5      | Reached skill level 10 in Maces & Flails
  4504 | D:5      | Mangled by an ogre

Illustrated notes

Levels and vault maps discovered:
D:1:      dpeg_arrival_leaves_temple_mockup, layout_rooms
D:2:      cheibrodos_pilgrimage, layout_basic, nicolae_the_louvre, uniq_sigmund
D:3:      layout_basic, st_stairs_7, uniq_ijyb
D:4:      layout_basic, minmay_temple_entry_gardened_gates,
          lightli_ossuary_entry_decrepit_ruins, st_stairs_7, nzn_random_ring,
          uniq_duvessa
D:5:      layout_loops_ring, serial_glass, glass_columns_a, glass_columns_c
Temple:   minmay_temple_curvy_loop

Skill      XL: |  1  2  3  4  5  6  7  8 |
---------------+-------------------------+-----
Maces & Flails | 5 7 8 10 | 10.4
Shields        | 4 |  4.0
Fighting       | |  3.3
Armour         | |  3.3

Action                     |  1- 3 |  4- 6 |  7- 9 || total
---------------------------+-------+-------+-------++-------
  Melee: Flail             |    57 |   168 |   218 ||   443
    Use: Potion            |     1 |       |     4 ||     5
         Scroll            |       |       |    13 ||    13
 Armour: Scale mail        |    48 |   142 |   125 ||   315
  Dodge: Dodged            |    37 |    71 |    69 ||   177
  Block: Buckler           |    10 |    38 |    50 ||    98
